 Dungeon Crawl Stone Soup version 0.29.1-1-gd02db69 (webtiles) character file.

Game seed: 7837339166211711894

53 Timinator the Ruffian (level 3, 0/42 HPs)
             Began as a Demigod Transmuter on Dec 19, 2022.
             Slain by a worm (5 damage)
             ... on level 2 of the Dungeon.
             The game lasted 00:03:53 (1620 turns).

Timinator the Ruffian (Demigod Transmuter)          Turns: 1620, Time: 00:03:54

Health: 0/42       AC: 21    Str: 15    XL:     3   Next: 41%
Magic:  7/8        EV:  2    Int: 15    God:
Gold:   83         SH:  0    Dex: 14    Spells: 5/6 levels left

rFire   . . .      SeeInvis .     - Unarmed
rCold   . . .      Faith    .   (no shield)
rNeg    . . .      Spirit   .   (body armour currently unavailable)
rPois   +          Reflect  .   (helmet currently unavailable)
rElec   .          Harm     .   (cloak currently unavailable)
rCorr   .          Rampage  .   (gloves currently unavailable)
Will    .....      NoTele   +   (boots currently unavailable)
Stlth   +.........              (no amulet)
HPRegen 0.14/turn               (no ring)
MPRegen 0.11/turn               (no ring)

@: lethally poisoned (0 -> -4), tree-form, very slightly contaminated
A: stationary, stasis, torment immunity, boosted hp, high MP 1, forlorn, divine
attributes
a: no special abilities


You were on level 2 of the Dungeon.
You were a tree.
You visited 1 branch of the dungeon, and saw 2 of its levels.

You collected 83 gold pieces.

Inventory:

Missiles
 k - 2 boomerangs
Armour
 c - a +0 leather armour (melded)
 e - a +0 ring mail
Scrolls
 a - a scroll of torment {unknown}
 f - a scroll of blinking {unknown}
 g - a scroll of identify {unknown}
 l - a scroll of vulnerability {unknown}
Potions
 b - a potion of lignification
 d - a potion of mutation {unknown}
 h - a potion of heal wounds {unknown}
 i - a potion of degeneration {unknown}
 j - a potion of brilliance {unknown}


   Skills:
 * Level 1.4 Fighting
 * Level 1.1 Armour
 * Level 2.1 Dodging
 + Level 3.1 Unarmed Combat
 + Level 2.0 Spellcasting
 * Level 2.2 Transmutations


You had 5 spell levels left.
You knew the following spells:

 Your Spells              Type           Power      Damage    Failure   Level
a - Beastly Appendage     Tmut           16%        N/A       9%          1

Your spell library contained the following spells:

 Spells                   Type           Power      Damage    Failure   Level
 Wereblood                Tmut           8%         N/A       14%         2
 Static Discharge         Conj/Air       1%         3-4/arc   32%         2
 Spider Form              Tmut/Pois      4%         N/A       38%         3
 Ice Form                 Ice/Tmut       4%         N/A       80%         4
 Fireball                 Conj/Fire      0%         3d3       99%         5
 Lightning Bolt           Conj/Air       0%         1d11      99%         5
 Starburst                Conj/Fire      0%         6d3       100%        6
 Ignition                 Fire           0%         3d3       100%        8
 Maxwell's Capacitive Co  Air            0%         ∞         100%        8


Dungeon Overview and Level Annotations

Branches:
Dungeon (2/15)


Innate Abilities, Weirdness & Mutations

You are a tree.
Your roots penetrate the ground, keeping you stationary.
You cannot be teleported.
You are immune to unholy pain and torment.
Your maximum health is greatly increased.
Your equipment is partially melded.
You have an increased reservoir of magic. (+10% MP)
You shall have no god before yourself.
Your divine heritage dramatically boosts your attributes as you level up.


Message History

The hobgoblin is severely wounded.
The hobgoblin closely misses you.
You barely miss the hobgoblin.
The hobgoblin is severely wounded.
The hobgoblin closely misses you.
Casting: Beastly Appendage (safe; 12% risk of failure)
Confirm with . or Enter, or press ? or * to list all spells.
You miscast Beastly Appendage.
You are very lightly contaminated with residual magic.
Nothing appears to happen.
The hobgoblin barely misses you.
You hit the hobgoblin.
You kill the hobgoblin!
You hit Robin but do no damage. Robin closely misses you.
You hit Robin.
Robin is moderately wounded.
Robin hits you but does no damage.
You are lethally poisoned!
Really quaff the potion of lignification?
Uppercase [Y]es or [N]o only, please.
Really quaff the potion of lignification?
You turn into a tree.
Your +0 leather armour melds into your body.
Your roots penetrate the ground.
* * * LOW HITPOINT WARNING * * *
You feel very sick. Robin hits you but does no damage.
You smack Robin!
You kill Robin!
* * * LOW HITPOINT WARNING * * *
You feel sick.
Your Armour skill increases to level 1!
You smack the worm!
The worm is heavily wounded.
* * * LOW HITPOINT WARNING * * *
You feel sick.
You hit the worm but do no damage.
The worm is heavily wounded.
* * * LOW HITPOINT WARNING * * *
You feel sick. The worm bites you.
You die...

#####. .# ... #...gw
### ...# ##.### #...gg
#.. .... ...... #....g
#.##...#####.#.. ....g
#.... ...##.... ...
#..######.##....
#'###..#.......#....
#.w♣)...............
########....####..#....
#...........####..#....
#.######..........#....
#.####.........#.......
#............#.####.#.#
#####.##...#.#.# #.#.#
#.##...#.#.# #.#.#
#......#.... ..#.#


You could see a worm.

Vanquished Creatures
  Robin (D:2)
  3 ball pythons (D:1)
  A bat (D:1)
  3 endoplasms (D:1)
  A giant cockroach (D:1)
  7 hobgoblins
  2 jackals (D:1)
  3 kobolds (D:1)
  A quokka (D:1)
  2 frilled lizards
  11 goblins
  2 rats (D:1)
37 creatures vanquished.

Notes
Turn   | Place    | Note
-------+----------+-------------------------------------------
     0 | D:1      | Timinator the Demigod Transmuter began the quest for the
                  | Orb.
     0 | D:1      | Reached XP level 1. HP: 15/15 MP: 5/5
   129 | D:1      | Reached skill level 1 in Fighting
   287 | D:1      | Reached XP level 2. HP: 23/23 MP: 5/7
   650 | D:1      | Reached skill level 3 in Unarmed Combat
  1583 | D:2      | Noticed Robin
  1596 | D:2      | Reached XP level 3. HP: 22/28 MP: 8/8
  1618 | D:2      | Killed Robin
  1619 | D:2      | Reached skill level 1 in Armour
  1620 | D:2      | Slain by a worm

Illustrated notes

Levels and vault maps discovered:
D:1:      evilmike_arrival_fibonacci_small, layout_basic,
          ebering_ecumenical_altar_mist
D:2:      layout_basic, basic_altar, uniq_jessica, uniq_robin

Skill      XL: |  1  2  3 |
---------------+----------+-----
Fighting       | 1 |  1.4
Dodging        | 2 |  2.1
Transmutations | 2 |  2.2
Unarmed Combat | 3 |  3.1
Spellcasting   | 2 |  2.0
Armour         | 1 |  1.1

Action                   || total
-------------------------++-------
Melee: Unarmed           ||    93
       Headbutt          ||    12
       Kick              ||    11
       Punch             ||     2
 Cast: Beastly Appendage ||    16
  Use: Potion            ||     1
Armor: Leather armour    ||    20
       Skin              ||     1
Dodge: Dodged            ||    45
